 Dungeon Crawl Stone Soup version 0.29.0-4-gdea44cf6ec (webtiles) character file.

Game seed: 8147949679140257587

29 qw the Chopper (level 3, 0/21 HPs)
             Began as a Tengu Warper on Aug 29, 2022.
             Succumbed to an adder's poison
             ... on level 2 of the Dungeon.
             The game lasted 00:00:54 (1110 turns).

qw the Chopper (Tengu Warper)                       Turns: 1110, Time: 00:00:55

Health: 0/21       AC:  5    Str: 10 (13) XL:     3   Next: 16%
Magic:  7/7        EV: 10    Int: 11 (13) God:
Gold:   41         SH:  0    Dex: 11 (13) Spells: 6/6 levels left

rFire   . . .      SeeInvis .   Y - +0 hand axe
rCold   . . .      Faith    .   (no shield)
rNeg    . . .      Spirit   .   j - +0 ring mail
rPois   .          Reflect  .   (helmet restricted)
rElec   .          Harm     .   (no cloak)
rCorr   .          Rampage  .   (no gloves)
Will    .....                   (boots unavailable)
Stlth   +.........              (no amulet)
HPRegen 0.07/turn               (no ring)
MPRegen 0.10/turn               (no ring)

@: lethally poisoned (0 -> -11)
A: beak, talons 3
a: no special abilities


You were on level 2 of the Dungeon.
You visited 1 branch of the dungeon, and saw 2 of its levels.

You collected 41 gold pieces.


Innate Abilities, Weirdness & Mutations

You have a beak for a mouth.
You have claws for feet.


   Skills:
 - Level 2.0 Fighting
 + Level 3.9 Axes
 - Level 1.0 Throwing
 - Level 1.1 Armour
 - Level 2.1 Dodging
 - Level 2.0 Spellcasting
 - Level 2.4 Translocations


You had 6 spell levels left.
You didn't know any spells.
Your spell library contained the following spells:

 Spells                   Type           Power      Damage    Failure   Level
 Blink                    Tloc           12%        N/A       38%         2
 Gell's Gravitas          Tloc           6%         N/A       63%         3
 Lesser Beckoning         Tloc           6%         N/A       63%         3
 Teleport Other           Tloc           6%         N/A       63%         3
 Manifold Assault         Tloc           6%         N/A       100%        5

Inventory:

Hand Weapons
 e - a +0 club
 Y - a +0 hand axe (weapon)
Armour
 d - a +0 scale mail
 h - a +0 buckler
 j - a +0 ring mail (worn)
 l - a +2 pair of gloves
Jewellery
 b - a ring of positive energy
Scrolls
 a - 2 scrolls of identify
 c - a scroll of torment {unknown}
Potions
 f - 2 potions of mutation {unknown}
 g - a potion of curing {unknown}
 i - a potion of berserk rage {unknown}
 k - a potion of haste {unknown}

Dungeon Overview and Level Annotations

Branches:
Dungeon (2/15)

Altars:

Shops:
D:1 *   D:2 [


Message History

The adder is moderately wounded.
The adder bites you.
You are poisoned.
The adder poisons you!
You closely miss the adder.
The adder is moderately wounded.
You feel sick. The adder closely misses you.
You miss the adder. Your kick misses the adder.
The adder is moderately wounded.
You feel sick. The adder misses you. The adder bites you but does no damage.
You closely miss the adder. Your kick misses the adder.
The adder is moderately wounded.
You feel sick.
You are no longer poisoned.
The adder bites you but does no damage.
You barely miss the adder. Your peck misses the adder.
The adder is moderately wounded.
The adder bites you. The adder barely misses you.
You miss the adder. Your kick misses the adder.
The adder is moderately wounded.
The adder bites you but does no damage.
You barely miss the adder.
The adder is moderately wounded.
The adder bites you. The adder closely misses you.
You completely miss the adder.
The adder is moderately wounded.
The adder completely misses you.
You barely miss the adder.
The adder is moderately wounded.
The adder bites you.
You are poisoned.
The adder poisons you! The adder closely misses you.
You closely miss the adder. Your kick misses the adder.
The adder is moderately wounded.
You feel sick. The adder bites you.
You are more poisoned.
The adder poisons you!
You hit the adder. Your peck misses the adder.
The adder is moderately wounded.
You die...

...##.#
.#....#########. ..
.# #..##........ .#
.####...)####### .#
.#........### .#
.......##...#### .#
..######.......##.#
.#######........#S#
..............#.@.#
########......#####
### #.....\# ..#
#......# ..#
#......# ..#
#......# ..#
#......# ..##
#......#
#..############


You could see an adder.

Vanquished Creatures
  2 dart slugs (D:1)
  4 bats
  3 endoplasms (D:1)
  3 goblins (D:1)
  2 hobgoblins
  3 kobolds (D:1)
  2 ball pythons
  A frilled lizard (D:2)
  A rat (D:1)
21 creatures vanquished.

Vanquished Creatures (others)
  10 fungi (D:1)
  A plant (D:1)
11 creatures vanquished.

Grand Total: 32 creatures vanquished

Notes
Turn   | Place    | Note
-------+----------+-------------------------------------------
     0 | D:1      | qw the Tengu Warper began the quest for the Orb.
     0 | D:1      | Reached XP level 1. HP: 12/12 MP: 4/4
     0 | D:1      | 0 ||| qw: Version: 0.1-a-89-g26bdef1
     0 | D:1      | 0 ||| qw: Game counter: 3601
     0 | D:1      | 0 ||| qw: Always use a shield: true
     0 | D:1      | 0 ||| qw: God list: Okawaru
     0 | D:1      | 0 ||| qw: Allow faded altars: false
     0 | D:1      | 0 ||| qw: Do Orc after D:15 true
     0 | D:1      | 0 ||| qw: Do second Lair branch before Depths: true
     0 | D:1      | 0 ||| qw: Lair rune preference: random
     0 | D:1      | 0 ||| qw: Plans: Normal
     0 | D:1      | 0 ||| PLANNING D:1-11
   155 | D:1      | Reached skill level 3 in Axes
   155 | D:1      | Reached XP level 2. HP: 14/17 MP: 6/6
   215 | D:1      | 215 ||| Stepping ~*~*~tactically~*~*~ (hiding).
   503 | D:1      | Reached XP level 3. HP: 21/21 MP: 7/7
   506 | D:1      | Found Yfubbun's Assorted Antiques.
   521 | D:1      | 521 ||| SHOPLISTING glowing grey potion (23 gold, have 21).
   521 | D:1      | 521 ||| SHOPLISTING metallic cyan potion (23 gold, have
                  | 21).
   521 | D:1      | 521 ||| SHOPLISTING scroll labelled CEEDOO YMORU (26 gold,
                  | have 21).
   521 | D:1      | 521 ||| SHOPLISTING scroll labelled EPANOH ZUUH (26 gold,
                  | have 21).
   592 | D:1      | Found a faded altar of an unknown god.
   669 | D:1      | 669 ||| UPGRADING to +0 ring mail.
   679 | D:1      | 679 ||| DROPPING +0 leather armour.
   680 | D:1      | 680 ||| DROPPING ring of flight.
   681 | D:1      | 681 ||| READING 2 scrolls labelled BOODAVVUOPTE.
   682 | D:1      | 682 ||| READING scroll labelled CEEDOO YMORU.
   683 | D:1      | 683 ||| READING scroll labelled IPLAEM KEUPRUCS.
   684 | D:1      | 684 ||| DRINKING 2 murky black potions.
   685 | D:1      | 685 ||| DRINKING 2 fizzy golden potions.
   739 | D:1      | 739 ||| DROPPING scroll of blinking.
   740 | D:1      | 740 ||| DROPPING potion of degeneration.
   741 | D:1      | 741 ||| DROPPING potion of lignification.
   843 | D:2      | 843 ||| Stepping ~*~*~tactically~*~*~ (stealth).
  1076 | D:2      | Found Adeill's Antique Armour Shoppe.
  1089 | D:2      | 1089 ||| SHOPLISTING bloodstained plate armour (728 gold,
                  | have 41).
  1089 | D:2      | 1089 ||| SHOPLISTING chain mail (117 gold, have 41).
  1089 | D:2      | 1089 ||| SHOPLISTING crude leather armour (182 gold, have
                  | 41).
  1109 | D:2      | HP: 3/21 [adder (4)]
  1110 | D:2      | Succumbed to an adder's poison

Levels and vault maps discovered:
D:1:      spicycebolla_arrival_clurvy, layout_rooms, serial_shops,
          nicolae_shop_hallway_plus, hellmonk_ecumenical_altar_slurped_away
D:2:      layout_rooms, serial_shops, shop, wad_floor_pattern_2

Skill      XL: |  1 |
---------------+----+-----
Axes           | 3 |  3.9
Fighting       | |  2.0
Throwing       | |  1.0
Armour         | |  1.1
Dodging        | |  2.1
Spellcasting   | |  2.0
Translocations | |  2.4

Action                   || total
-------------------------++-------
Melee: Hand axe          ||    57
       Kick              ||    16
       Peck              ||     5
Throw: Boomerang         ||     7
  Use: Scroll            ||     3
       Potion            ||     2
Armor: Leather armour    ||     9
       Ring mail         ||     9
Dodge: Dodged            ||    30

Table legend:
 A = Non-vault XP
 B = Vault XP
 C = Vault XP percentage of total XP
 D = Non-vault monster count
 E = Vault monster count
 F = Vault count percentage of total count
                 A         B        C        D         E       F
            +---------+---------+-------+---------+---------+-------
      Total |      40 |       2 |   4.8 |      20 |       1 |   4.8
            +---------+---------+-------+---------+---------+-------
        D:1 |      34 |       2 |   5.6 |      16 |       1 |   5.9
        D:2 |       6 |       0 |   0.0 |       4 |       0 |   0.0
            +---------+---------+-------+---------+---------+-------
